 Dungeon Crawl Stone Soup version 0.27-a0-1136-g0b992a5a9d (webtiles) character file.

Game seed: 18023453907596722388

97 BigRedEye the Chopper (level 4, -9/40 HPs)
             Began as a Minotaur Fighter on May 5, 2021.
             Mangled by a gnoll
             ... wielding a +0 halberd
              (12 damage)
             ... on level 3 of the Dungeon.
             The game lasted 00:04:41 (1800 turns).

BigRedEye the Chopper (Minotaur Fighter)            Turns: 1800, Time: 00:04:42

Health: -9/40      AC:  7    Str: 22    XL:     4   Next: 42%
Magic:  3/3        EV:  7    Int:  5    God:
Gold:   38         SH:  9    Dex:  9    Spells: 3/3 levels left

rFire    . . .     SeeInvis .   a - +0 war axe
rCold    . . .     Faith    .   c - +0 kite shield
rNeg     . . .     Spirit   .   b - +0 scale mail
rPois    .         Reflect  .   (helmet restricted)
rElec    .         Harm     .   (no cloak)
rCorr    .         Rampage  .   (no gloves)
Will     .....                  (no boots)
Stlth    ..........             (no amulet)
HPRegen  0.13/turn              (no ring)
MPRegen  0.08/turn              (no ring)

@: no status effects
A: horns 2, retaliatory headbutt
a: no special abilities


You were on level 3 of the Dungeon.
You visited 1 branch of the dungeon, and saw 3 of its levels.

You collected 38 gold pieces.

Inventory:

Hand Weapons
 a - a +0 war axe (weapon)
 m - a +0 hunting sling
Missiles
 n - 58 stones (quivered)
Armour
 b - a +0 scale mail (worn)
 c - a +0 kite shield (worn)
Jewellery
 j - an amulet of faith
Scrolls
 h - a scroll of teleportation {unknown}
 i - a scroll of blinking {unknown}
 l - a scroll of noise {unknown}
 o - a scroll of vulnerability {unknown}
Potions
 d - a potion of might
 e - a potion of curing
 f - a potion of lignification {unknown}
 g - a potion of degeneration {unknown}
 k - a potion of attraction {unknown}
 p - a potion of mutation {unknown}
 q - a potion of ambrosia {unknown}


   Skills:
 - Level 3.9 Fighting
 + Level 4.8 Axes
 - Level 4.2 Armour
 - Level 0.1 Dodging
 - Level 3.8 Shields


You had 3 spell levels left.
You didn't know any spells.
Your spell library contained the following spells:

 Spells                   Type           Power      Damage    Failure   Level
 Beastly Appendage        Tmut           0%         N/A       99%         1
 Wereblood                Tmut           0%         N/A       100%        2
 Spider Form              Tmut/Pois      0%         N/A       100%        3
 Ice Form                 Ice/Tmut       0%         N/A       100%        4
 Hydra Form               Tmut           0%         N/A       100%        5


Dungeon Overview and Level Annotations

Branches:
Dungeon (3/15)

Altars:
Dithmenos

Shops:
D:2 =


Innate Abilities, Weirdness & Mutations

You have a pair of horns on your head.
You reflexively headbutt those who attack you in melee.


Message History

You are held in a net!
You are held in a net!
A gnoll is nearby!
You struggle against the net.
You struggle against the net.
The gnoll hits you with a +0 whip.
You struggle against the net.
A gnoll comes into view. It is wielding a +0 halberd.
The gnoll hits you with a +0 whip.
You struggle against the net.
The gnoll shouts!
You rip the net and break free!
The gnoll hits you with a +0 whip.
You closely miss the gnoll. The gnoll hits you with a +0 whip. x2
You hit the gnoll.
The gnoll is lightly wounded.
The gnoll hits you from afar with a +0 halberd!
The gnoll hits you with a +0 whip.
You slash the gnoll! Your headbutt misses the gnoll.
The gnoll is severely wounded.
The gnoll barely misses you. The gnoll hits you with a +0 whip.
The gnoll hits you from afar with a +0 halberd.
* * * LOW HITPOINT WARNING * * *
It was a potion of curing.
You feel better. The gnoll hits you with a +0 whip.
* * * LOW HITPOINT WARNING * * *
You block the gnoll's attack.
You feel better. You block the gnoll's attack.
The gnoll hits you from afar with a +0 halberd.
You barely miss the gnoll.
The gnoll is severely wounded.
You block the gnoll's attack.
The gnoll hits you from afar with a +0 halberd!
* * * LOW HITPOINT WARNING * * *
The gnoll hits you with a +0 whip.
* * * LOW HITPOINT WARNING * * *
You feel better. You block the gnoll's attack. x2
You slash the gnoll!
You kill the gnoll!
The gnoll hits you from afar with a +0 halberd!
* * * LOW HITPOINT WARNING * * *
The gnoll hits you from afar with a +0 halberd!
You die...

#... .. .... .. ##
###..##. .. ......
#.##.... # ...g.#
#.##...# .# # #....@)#
#.# .# #.##)(.#
####...##.#
#.##$..++##....#....##
#...........# #....#.
+...........####..###.
#.....................
#...............#..#<.
#...#..........###....
#...###+##.##..###).##


You could see a gnoll.

Vanquished Creatures
  2 gnolls (D:3)
  3 adders (D:2)
  A dart slug (D:2)
  4 ball pythons
  4 bats
  6 endoplasms
  6 goblins
  6 hobgoblins
  6 jackals
  8 kobolds
  2 quokkas
  A frilled lizard (D:2)
  3 rats
52 creatures vanquished.

Notes
Turn   | Place    | Note
-------+----------+-------------------------------------------
     0 | D:1      | BigRedEye the Minotaur Fighter began the quest for the Orb.
     0 | D:1      | Reached XP level 1. HP: 19/19 MP: 0/0
   164 | D:1      | Reached XP level 2. HP: 18/27 MP: 1/1
   315 | D:1      | Found a faded altar of an unknown god.
   460 | D:1      | Reached XP level 3. HP: 33/33 MP: 2/2
  1128 | D:2      | Found Daohuol's Jewellery Shoppe.
  1661 | D:2      | Reached XP level 4. HP: 40/40 MP: 3/3
  1740 | D:3      | Found a shadowy altar of Dithmenos.
  1800 | D:3      | Mangled by a gnoll

Illustrated notes

Levels and vault maps discovered:
D:1:      dpeg_arrival_oval, layout_rooms, basic_ecumenical_altar,
          hangedman_decor_points, minmay_tripent
D:2:      layout_basic, serial_shops, nicolae_shop_behind_doors, minmay_ruptured
D:3:      layout_basic, nicolae_dithmenos_shadow_blocks, kennysheep_cross_room,
          serial_bayou_ford_a, nrook_uturn

Skill      XL: |  1  2  3 |
---------------+----------+-----
Armour         | 4 |  4.2
Axes           | 3 4 |  4.8
Fighting       | |  3.9
Dodging        | |  0.1
Shields        | |  3.8

Action                   |  1- 3 |  4- 6 || total
-------------------------+-------+-------++-------
Melee: War axe           |    90 |    19 ||   109
       Headbutt          |     9 |     4 ||    13
  Use: Potion            |       |     3 ||     3
Armor: Scale mail        |    49 |     9 ||    58
Dodge: Dodged            |    33 |     7 ||    40
Block: Kite shield       |    46 |    20 ||    66

Table legend: (Time is in decaauts)
 A = Elapsed time spent in this place.
 B = Non-inter-level travel time spent in this place.
 C = Inter-level travel time spent in this place.
 D = Time resting spent in this place.
 E = Time spent auto-exploring this place.
 F = Levels seen in this place.
 G = Mean time per level.
                   A        B        C        D        E       F      G
               +--------+--------+--------+--------+--------+-----+--------+
         Total |   1859 |   1834 |     25 |     46 |   1479 |   3 |  619.7 |
       Dungeon |   1859 |   1834 |     25 |     46 |   1479 |   3 |  619.7 |
               +--------+--------+--------+--------+--------+-----+--------+

Top non-repeatable levels by time:
     D:2: 1086 daAuts
     D:1: 706 daAuts
     D:3: 67 daAuts
